 Dungeon Crawl Stone Soup version 0.32-a0-635-g817ac4a (webtiles) character file.

Game seed: 18372658694831699564

95 sdynet the Trooper (level 4, 0/41 HPs)
             Began as a Draconian Shapeshifter on Mar 6, 2024.
             Killed from afar by Natasha (8 damage)
             ... with a magic dart
             ... on level 2 of the Dungeon.
             The game lasted 00:03:35 (1568 turns).

sdynet the Trooper (Draconian Shapeshifter)         Turns: 1568, Time: 00:03:36

Health: 0/41       AC:  5    Str: 18    XL:     4   Next: 39%
Magic:  4/4        EV: 12    Int: 11    God:
Gold:   79         SH:  0    Dex: 10    Spells: 3/3 levels left

rFire   . . .        a - +0 dagger (drain)
rCold   . . .        (no shield)
rNeg    . . .        (body armour unavailable)
rPois   .            (helmet currently unavailable)
rElec   .            (cloak currently unavailable)
rCorr   .            (gloves currently unavailable)
SInv    .            (boots currently unavailable)
Will    .....        (no amulet)
Stlth   +            (no ring)
HPRegen 0.26/turn    (no ring)
MPRegen 0.09/turn

%: no passive effects
@: beast-form
A: beast (slay +1), AC +5, unfitting armour, cold-blooded
a: Begin Untransformation


You were on level 2 of the Dungeon.
You were a hulking beast.
You visited 1 branch of the dungeon, and saw 2 of its levels.

You collected 100 gold pieces.
You spent 21 gold pieces at shops.

Inventory:

Hand Weapons
 a - a +0 dagger of draining (weapon)
Talismans
 b - a beast talisman (active)
 c - a flux talisman
Scrolls
 e - a scroll of amnesia {unknown}
 f - a scroll of teleportation {unknown}
 g - a scroll of identify {unknown}
 h - a scroll of torment {unknown}
Potions
 d - a potion of curing {!q}


   Skills:
 + Level 4.5 Fighting
 - Level 1.7 Dodging
 - Level 1.0 Stealth
 - Level 3.0 Unarmed Combat
 - Level 3.0 Shapeshifting


You had 3 spell levels left.
You didn't know any spells.
Your spell library was empty.

Dungeon Overview and Level Annotations

Branches:
Dungeon (2/15)

Altars:

Shops:
D:1 *

Annotations:
D:2 Natasha


Innate Abilities, Weirdness & Mutations

You are a hulking beast.
Your limbs bulge with bestial killing power. (Slay +1)
Your plain brown scales are hard. (AC +5)
You cannot fit into any form of body armour.
You are cold-blooded and may be slowed by cold attacks.


Message History

Natasha is heavily wounded.
The cerulean imp hits you but does no damage.
Natasha claws you. The cerulean imp barely misses you.
You hit Natasha. You drain Natasha.
Natasha is almost dead.
The cerulean imp hits you but does no damage.
Natasha extends her claws.
Natasha claws you but does no damage.
The cerulean imp hits you with a +2 spear.
You closely miss Natasha.
Natasha is almost dead.
The cerulean imp barely misses you. Natasha casts a spell at you.
The magic dart hits you!
* * * LOW HITPOINT WARNING * * *
The cerulean imp hits you with a +2 spear.
* * * LOW HITPOINT WARNING * * *
You feel better.
The cerulean imp hits you but does no damage.
Natasha casts a spell.
The cerulean imp hits you with a +2 spear.
* * * LOW HITPOINT WARNING * * *
You closely miss Natasha.
Natasha is almost dead.
The cerulean imp hits you but does no damage.
Natasha closely misses you.
The cerulean imp hits you but does no damage.
You hit Natasha. You drain Natasha.
Natasha is almost dead.
The cerulean imp hits you but does no damage.
Natasha claws you but does no damage.
The cerulean imp hits you with a +2 spear.
* * * LOW HITPOINT WARNING * * *
You closely miss Natasha.
Natasha is almost dead.
The cerulean imp closely misses you. Natasha casts a spell at you.
The magic dart hits you!
You die...
Natasha begins licking her fur clean.

.......≈~ ......≈ .....~
..... ).5# 5S# #h# #####
#h# #...# #5# #...####.
.######.########...')...
..........|........#####
.#######........#.......
#...........#...† #....
#.........#.#.### #.....
.'..)<.....#.#....
#....#
..#.........#.#....


You could see Natasha (very drained), 3 cerulean imps and a ball python.

Vanquished Creatures
  Robin (D:2)
  2 adders (D:2)
  2 dart slugs (D:1)
  A ribbon worm (D:2)
  4 endoplasms
  A giant cockroach (D:1)
  12 goblins
  11 hobgoblins
  4 kobolds
  4 ball pythons
  5 bats
  3 frilled lizards
  3 rats
53 creatures vanquished.

Notes
Turn   | Place    | Note
-------+----------+-------------------------------------------
     0 | D:1      | sdynet the Draconian Shapeshifter began the quest for the
                  | Orb.
     0 | D:1      | Reached XP level 1. HP: 16/16 MP: 1/1
   234 | D:1      | Reached skill level 1 in Stealth
   266 | D:1      | Reached XP level 2. HP: 24/24 MP: 2/2
   289 | D:1      | Reached skill level 2 in Fighting
   597 | D:1      | Found Vipiw's Assorted Antiques.
   602 | D:1      | Bought a puce potion for 21 gold pieces
   670 | D:1      | Reached skill level 3 in Fighting
   862 | D:1      | Reached XP level 3. HP: 31/31 MP: 3/3
  1034 | D:2      | Found a faded altar of an unknown god.
  1286 | D:2      | Noticed Robin
  1339 | D:1      | Reached skill level 4 in Fighting
  1371 | D:2      | Killed Robin
  1372 | D:2      | Reached XP level 4. HP: 36/40 MP: 4/4
  1548 | D:2      | Noticed Natasha
  1564 | D:2      | HP: 2/41 [cerulean imp/+2 spear[Natasha] (5)]
  1568 | D:2      | Killed from afar by Natasha

Illustrated notes

Levels and vault maps discovered:
D:1:      lemuel_arrival_broad_hall, layout_loops_corners, serial_shops,
          nicolae_square_shop
D:2:      minmay_alternating_diamond, layout_basic, serial_shops,
          nicolae_shop_industrial_runoff, shapermc_ecumenical_altar_ellora,
          grunt_decor_junction, uniq_natasha, uniq_sigmund, uniq_robin

Skill      XL: |  1  2  3 |
---------------+----------+-----
Stealth        | 1 |  1.0
Fighting       | 3 4 |  4.5
Dodging        | |  1.7
Unarmed Combat | |  3.0
Shapeshifting  | |  3.0

Action                     |  1- 3 |  4- 6 || total
---------------------------+-------+-------++-------
  Melee: Unarmed           |    95 |       ||    95
         Tailslap          |     7 |     4 ||    11
         Dagger            |    12 |    32 ||    44
         Punch             |     1 |       ||     1
    Use: Potion            |     3 |     1 ||     4
         Scroll            |     1 |       ||     1
   Stab: Sleeping          |     2 |     1 ||     3
 Armour: Skin              |    60 |    29 ||    89
  Dodge: Dodged            |    64 |    15 ||    79

Table legend: (Time is in decaauts)
 A = Elapsed time spent in this place.
 B = Non-inter-level travel time spent in this place.
 C = Inter-level travel time spent in this place.
 D = Time resting spent in this place.
 E = Time spent auto-exploring this place.
 F = Levels seen in this place.
 G = Mean time per level.
                   A        B        C        D        E       F      G
               +--------+--------+--------+--------+--------+-----+--------+
         Total |   1563 |   1448 |    115 |     41 |   1059 |   2 |  781.5 |
       Dungeon |   1563 |   1448 |    115 |     41 |   1059 |   2 |  781.5 |
               +--------+--------+--------+--------+--------+-----+--------+

Top non-repeatable levels by time:
     D:1: 1051 daAuts
     D:2: 512 daAuts
